[Event "Titled Tuesday Blitz November 08 Early 2022"]
[White "Mesa Cruz, Juan Carlos"]
[Black "Buscar, Michael"]
[WhiteFideId "6423400"]
[BlackFideId "2603616"]
[WhiteElo "2059"]
[BlackElo "2010"]
[Result "1-0"]
[Round "04"]
[TimeControl "180+1"]
[Date "2022.11.09"]
[WhiteClock "0:01:30"]
[BlackClock "0:00:30"]

1. e4 c5 2. Nf3 Nc6 3. d4 cxd4 4. Nxd4 Nf6 5. Nc3 e5 6. Ndb5 h6 7. Nd6+ Bxd6 8. Qxd6 Qe7 9. Qxe7+ Kxe7 10. Bd3 Nb4 11. f4 Nxd3+ 12. cxd3 d6 13. Be3 Be6 14. d4 Ng4 15. Kd2 Nxe3 16. Kxe3 exd4+ 17. Kxd4 Rhc8 18. Rac1 Rc4+ 19. Kd3 Rac8 20. f5 Rxc3+ 21. Rxc3 Rxc3+ 22. Kxc3 Bd7 23. Kd4 Bc6 24. g4 Kf6 25. h4 a5 26. a3 a4 27. Rh3 g6 28. Rg3 Kg7 29. g5 hxg5 30. hxg5 gxf5 31. exf5 Bd7 32. f6+ Kg6 33. Kd5 Bc6+ 34. Kxd6 Be4 35. Ke5 Bc6 36. Kf4 Kh7 37. g6+ fxg6 38. Kg5 Be4 39. Rg4 Bc6 40. Rh4+ Kg8 41. Kxg6 1-0


[Site "https://www.chess.com"]

[Event "Titled Tuesday Blitz November 08 Early 2022"]
[White "Miszler, Levente"]
[Black "Prem, Pranav"]
[WhiteFideId "763276"]
[BlackFideId "30901057"]
[WhiteElo "2176"]
[BlackElo "1970"]
[Result "0-1"]
[Round "04"]
[TimeControl "180+1"]
[Date "2022.11.09"]
[WhiteClock "0:00:14"]
[BlackClock "0:00:40"]

1. c4 e6 2. Nf3 d5 3. g3 Nf6 4. Bg2 dxc4 5. O-O Nbd7 6. a4 a5 7. Qc2 Nb6 8. Na3 Bxa3 9. Rxa3 O-O 10. d3 cxd3 11. Rxd3 Qe7 12. Bg5 h6 13. Bxf6 Qxf6 14. Qxc7 Qxb2 15. Ne5 Nd5 16. Bxd5 exd5 17. Rxd5 Bh3 18. Rfd1 Qxe2 19. Qxb7 Rab8 20. Qc6 Rfc8 21. Qd6 Qe4 22. f3 Qe3+ 23. Kh1 Rb2 24. R5d2 Rxd2 25. Qxd2 Qxe5 26. Re1 Qf6 27. Qe3 Qb2 28. Qe2 Qxe2 0-1


[Site "https://www.chess.com"]

[Event "Titled Tuesday Blitz November 08 Early 2022"]
[White "Moaataz, Ayah"]
[Black "Goltseva, Ekaterina"]
[WhiteFideId "10615873"]
[BlackFideId "24173770"]
[WhiteElo "1993"]
[BlackElo "2200"]
[Result "1-0"]
[Round "04"]
[TimeControl "180+1"]
[Date "2022.11.09"]
[WhiteClock "0:00:13"]
[BlackClock "0:00:05"]

1. c4 e5 2. g3 Nc6 3. Bg2 g6 4. Nc3 Bg7 5. e4 Nge7 6. d3 d6 7. Bg5 f6 8. Be3 Be6 9. Qd2 f5 10. h4 Qd7 11. Nd5 O-O-O 12. Bh6 Bxh6 13. Qxh6 Bxd5 14. cxd5 Nd4 15. Qd2 Rhf8 16. Ne2 Nxe2 17. Qxe2 Qb5 18. a4 Qb4+ 19. Qd2 Qd4 20. O-O fxe4 21. Bxe4 Nxd5 22. Rac1 Nf6 23. Rc4 Nxe4 24. Qc2 Qb6 25. dxe4 c6 26. Rc1 Rf3 27. Rc3 Rdf8 28. Rxf3 Rxf3 29. Kg2 Qb3 30. Qd2 Rf6 31. Rc3 Qf7 32. Rd3 Kc7 33. b4 Qc4 34. Re3 a6 35. a5 Rf7 36. f3 Rd7 37. Rd3 Qe6 38. Qe3 Kb8 39. Qb6 Qe8 40. Rc3 Rc7 41. Qe3 Qe7 42. Rd3 Rd7 43. Qd2 Qd8 44. Qc3 Qc7 45. Qb3 Qd8 46. Qe6 Qe7 47. Qg8+ Kc7 48. Qc4 h5 49. Qb3 g5 50. hxg5 Qxg5 51. Qe6 h4 52. g4 Qf4 53. Kg1 Qg3+ 54. Kf1 h3 55. Rd2 Qxf3+ 56. Rf2 Qd3+ 57. Kg1 Qxe4 58. Qh6 Qd3 59. Kh2 Qc3 60. Qxh3 Qxb4 61. Qf3 Qxa5 62. Kg2 Qc5 63. g5 Qd4 64. Qf6 Qd5+ 65. Kg3 e4 66. g6 Qe5+ 67. Qxe5 dxe5 68. Rf7 e3 69. Rxd7+ Kxd7 70. g7 1-0


[Site "https://www.chess.com"]

[Event "Titled Tuesday Blitz November 08 Early 2022"]
[White "Mohamed, Saeed Laily"]
[Black "Kohler, Aran"]
[WhiteFideId "9314946"]
[BlackFideId "1002856"]
[WhiteElo "1874"]
[BlackElo "2357"]
[Result "1-0"]
[Round "04"]
[TimeControl "180+1"]
[Date "2022.11.09"]
[WhiteClock "0:00:15"]
[BlackClock "0:00:01"]

1. d4 d5 2. Bf4 c5 3. e3 Nc6 4. Nc3 Nf6 5. Nb5 e5 6. dxe5 a6 7. Nc7+ Qxc7 8. exf6 Qa5+ 9. c3 gxf6 10. Qxd5 Be6 11. Qh5 O-O-O 12. Nf3 Rg8 13. Qxh7 Be7 14. Qc2 c4 15. Nd4 Nxd4 16. exd4 Rxd4 17. Be3 Rd7 18. a3 Qh5 19. Be2 Qh4 20. Bf3 Bd5 21. Qf5 Be6 22. Qe4 Bd5 23. Qxh4 Bxf3 24. gxf3 f5 25. Qh3 Rd5 26. Ke2 Kb8 27. Rad1 Re5 28. Rd4 Bc5 29. Rxc4 b6 30. f4 Re6 31. Kf3 Bxe3 32. fxe3 Rge8 33. Re1 Rg6 34. Qxf5 Ree6 35. Qxf7 1-0


[Site "https://www.chess.com"]

[Event "Titled Tuesday Blitz November 08 Early 2022"]
[White "Mosadeghpour, Masoud"]
[Black "Tasev, Dejan"]
[WhiteFideId "12519278"]
[BlackFideId "936618"]
[WhiteElo "2866"]
[BlackElo "2608"]
[Result "1-0"]
[Round "04"]
[TimeControl "180+1"]
[Date "2022.11.09"]
[WhiteClock "0:01:22"]
[BlackClock "0:00:35"]

1. e4 c6 2. d4 g6 3. Nd2 Bg7 4. c3 d5 5. Ngf3 dxe4 6. Nxe4 Nf6 7. Bd3 O-O 8. O-O Nbd7 9. Re1 Nxe4 10. Bxe4 Nf6 11. Bc2 b6 12. Bg5 Bb7 13. Qe2 e6 14. Rad1 Qc7 15. Ne5 Rad8 16. Qf3 c5 17. Qf4 Nd5 18. Bxd8 Rxd8 19. Qh4 Bf6 20. Qg3 cxd4 21. Rxd4 Ne7 22. Ng4 Qxg3 23. Rxd8+ Kg7 24. hxg3 Nc6 25. Rd7 1-0


[Site "https://www.chess.com"]

[Event "Titled Tuesday Blitz November 08 Early 2022"]
[White "Muminova, Nafisa"]
[Black "Danielyan, Vahe"]
[WhiteFideId "14201526"]
[BlackFideId "13304828"]
[WhiteElo "2258"]
[BlackElo "2423"]
[Result "0-1"]
[Round "04"]
[TimeControl "180+1"]
[Date "2022.11.09"]
[WhiteClock "0:00:17"]
[BlackClock "0:01:38"]

1. e4 Nf6 2. e5 Nd5 3. d4 d6 4. Nf3 Bg4 5. Be2 e6 6. O-O Nc6 7. exd6 Bxd6 8. h3 h5 9. Nc3 Nxc3 10. bxc3 Qf6 11. Be3 Ne7 12. Ne5 Bxe2 13. Qxe2 Bxe5 14. dxe5 Qxe5 15. Rab1 b6 16. Rb5 c5 17. Qf3 O-O 18. c4 Qf5 19. Qg3 Ng6 20. Rb3 Rad8 21. Bg5 Rd4 22. Rf3 h4 23. Bxh4 Qxc2 24. Bg5 Qxc4 25. Re1 Qd5 26. h4 Rd1 27. Rxd1 Qxd1+ 28. Kh2 Qd5 29. h5 f6 30. hxg6 Qxg5 31. Qh3 Qh6 32. Re3 Qxh3+ 33. gxh3 e5 34. h4 Rc8 35. h5 c4 36. Rc3 b5 37. Kg3 b4 38. Rc2 c3 39. Kf3 a5 40. Ke3 a4 41. Kd3 e4+ 42. Kxe4 b3 43. axb3 axb3 44. Rc1 b2 0-1


[Site "https://www.chess.com"]

[Event "Titled Tuesday Blitz November 08 Early 2022"]
[White "Namitbir Singh Walia"]
[Black "Krysa, Leandro"]
[WhiteFideId "35071068"]
[BlackFideId "116807"]
[WhiteElo "2239"]
[BlackElo "2485"]
[Result "0-1"]
[Round "04"]
[TimeControl "180+1"]
[Date "2022.11.09"]
[WhiteClock "0:00:04"]
[BlackClock "0:00:09"]

1. e4 g6 2. h4 Nf6 3. e5 Nh5 4. d4 d6 5. Nf3 Bg4 6. Be2 Nc6 7. c3 Bg7 8. exd6 Qxd6 9. Ng5 Bxe2 10. Qxe2 O-O 11. Ne4 Qd5 12. O-O e5 13. dxe5 Qxe5 14. Nbd2 Rfe8 15. Qf3 Rad8 16. Ng5 Qf4 17. g3 Qxf3 18. Ndxf3 h6 19. Nh3 Nf6 20. Kg2 Ng4 21. Bf4 Re2 22. Rab1 Rd7 23. Rfe1 Rxe1 24. Rxe1 Nf6 25. Ne5 Nxe5 26. Bxe5 Ng4 27. Bxg7 Kxg7 28. Re2 Kf6 29. Ng1 Ne5 30. Nf3 Nc4 31. b3 Nb6 32. Ne5 Rd8 33. Ng4+ Kg7 34. c4 h5 35. Nh2 a5 36. Nf3 a4 37. Re3 a3 38. Re2 Rd1 39. Rd2 Rb1 40. Ne5 Rb2 41. Nf3 Kf6 42. Kf1 Ke7 43. Ke2 Rb1 44. Rd1 Rb2+ 45. Rd2 Rb1 46. Rd1 Rxd1 47. Kxd1 Nd7 48. Kc2 Nf6 49. Nd2 Ng4 50. f3 Ne3+ 51. Kd3 Nf5 52. Nf1 Kd6 53. Kc3 c5 54. b4 b6 55. b5 Nd4 56. Nd2 Ne2+ 57. Kb3 Nxg3 58. Kxa3 Nf5 59. Ne4+ Ke7 60. Kb3 Nxh4 61. Nd2 Nf5 62. a4 h4 63. a5 bxa5 64. Ka4 Ne3 65. Ne4 Nxc4 66. Nxc5 h3 67. Ne4 h2 68. Nf2 Kd6 69. b6 Nxb6+ 70. Kxa5 Nd5 71. Kb5 Ke5 72. Kc4 Kf4 73. Kxd5 Kxf3 74. Nh1 Kg2 0-1


[Site "https://www.chess.com"]

[Event "Titled Tuesday Blitz November 08 Early 2022"]
[White "Naroditsky, Daniel"]
[Black "Kopylov, Alexander A."]
[WhiteFideId "2026961"]
[BlackFideId "4164857"]
[WhiteElo "2628"]
[BlackElo "2436"]
[Result "0-1"]
[Round "04"]
[TimeControl "180+1"]
[Date "2022.11.08"]
[WhiteClock "0:00:41"]
[BlackClock "0:01:15"]

1. e4 c6 2. d4 g6 3. f3 Bg7 4. c3 d6 5. Be3 Nf6 6. Bd3 O-O 7. Ne2 e5 8. dxe5 dxe5 9. a4 Nbd7 10. Na3 Qe7 11. b4 Nh5 12. O-O Nf4 13. Qd2 Rd8 14. Nxf4 exf4 15. Bxf4 Ne5 16. Bxe5 Qxe5 17. Rac1 Be6 18. Qe3 a5 19. f4 Qd6 20. Bc4 axb4 21. e5 Qd2 22. Qxd2 Rxd2 23. cxb4 Rxa4 24. Bxe6 fxe6 25. Nc4 Rd4 26. g3 Rxb4 27. Nd6 Bf8 28. Ne8 Kf7 29. Nf6 h5 30. Ra1 Rd2 31. Rfd1 Rbb2 32. Rxd2 Rxd2 33. Ra8 Bc5+ 34. Kh1 Be7 35. Ng8 Rd8 0-1


[Site "https://www.chess.com"]

[Event "Titled Tuesday Blitz November 08 Early 2022"]
[White "Noboa Silva, Kevin"]
[Black "Sarana, Alexey"]
[WhiteFideId "3618471"]
[BlackFideId "24133795"]
[WhiteElo "2631"]
[BlackElo "2999"]
[Result "0-1"]
[Round "04"]
[TimeControl "180+1"]
[Date "2022.11.09"]
[WhiteClock "0:00:02"]
[BlackClock "0:00:13"]

1. d4 Nf6 2. c4 e6 3. Nc3 d5 4. cxd5 exd5 5. Bg5 c6 6. e3 Bf5 7. Qf3 Bg6 8. Bxf6 Qxf6 9. Qxf6 gxf6 10. Nh3 Bd6 11. Kd2 Nd7 12. Bd3 a5 13. g3 Nb6 14. Nf4 a4 15. h4 Bxf4 16. gxf4 Bxd3 17. Kxd3 Kd7 18. b3 Rhg8 19. Rhg1 Ke6 20. Rxg8 Rxg8 21. bxa4 Nc4 22. Rb1 Rg2 23. Ke2 b6 24. Kf3 Rg8 25. Rc1 f5 26. Ke2 Rg4 27. Rh1 Kd6 28. Nb1 Rg2 29. Kf3 Rg8 30. Ke2 h6 31. Rc1 Rg4 32. Rh1 Rg2 33. Kf3 Rg8 34. Ke2 Kc7 35. Rc1 Rg4 36. Rh1 Rg2 37. Kf1 Rg8 38. Rg1 Rxg1+ 39. Kxg1 Kb7 40. Nc3 Ka6 41. Kf1 Ka5 42. Ke2 Kb4 43. Kd3 Ka3 44. Kc2 Nd6 45. f3 f6 46. Kb1 Nc4 47. Ne2 Nxe3 48. Ng3 Kxa4 49. Nh5 c5 50. dxc5 bxc5 51. Nxf6 d4 52. Ng8 d3 53. Kc1 c4 54. Kd2 Ka3 55. Nf6 Kb2 56. Kxe3 Kc2 57. Nd5 d2 58. Nb4+ Kc1 0-1


[Site "https://www.chess.com"]

[Event "Titled Tuesday Blitz November 08 Early 2022"]
[White "Nugumanov, Bakhtiyar"]
[Black "Cabezas Solano, David Alejandro"]
[WhiteFideId "13701797"]
[BlackFideId "6507522"]
[WhiteElo "2287"]
[BlackElo "2035"]
[Result "0-1"]
[Round "04"]
[TimeControl "180+1"]
[Date "2022.11.09"]
[WhiteClock "0:00:03"]
[BlackClock "0:00:59"]

1. Nf3 d5 2. g3 Nf6 3. Bg2 e6 4. c4 d4 5. O-O c5 6. e3 Nc6 7. d3 Be7 8. exd4 cxd4 9. a3 a5 10. Re1 O-O 11. Bf4 Nd7 12. Nbd2 Nc5 13. Ne4 f6 14. Nxc5 Bxc5 15. Bd2 e5 16. b4 axb4 17. axb4 Rxa1 18. Qxa1 Bxb4 19. Bxb4 Nxb4 20. Qb1 Qa5 21. Nd2 Bf5 22. Nb3 Qa3 23. Be4 Bxe4 24. Rxe4 Rb8 25. f4 Nc6 26. Nc5 Qxc5 0-1


[Site "https://www.chess.com"]

[Event "Titled Tuesday Blitz November 08 Early 2022"]
[White "Odegov, Artem"]
[Black "Samadov, Read"]
[WhiteFideId "34183644"]
[BlackFideId "13417444"]
[WhiteElo "2588"]
[BlackElo "2859"]
[Result "1/2-1/2"]
[Round "04"]
[TimeControl "180+1"]
[Date "2022.11.09"]
[WhiteClock "0:00:11"]
[BlackClock "0:00:07"]

1. d4 Nf6 2. c4 e6 3. Nf3 d5 4. Nc3 Bb4 5. Bg5 h6 6. Bxf6 Qxf6 7. e3 O-O 8. Qb3 c5 9. Be2 Nc6 10. O-O dxc4 11. Qxc4 cxd4 12. exd4 Rd8 13. Rad1 Bxc3 14. bxc3 Bd7 15. Qb3 b6 16. c4 Rac8 17. Rd2 Na5 18. Qb4 Bc6 19. c5 Bd5 20. cxb6 Nc6 21. Qb2 axb6 22. Ne5 Qg5 23. f3 Qe3+ 24. Kh1 Nxe5 25. dxe5 Rc3 26. Rfd1 Ra8 27. Qb1 h5 28. Bf1 h4 29. h3 Rac8 30. Qb4 Rc1 31. Qxh4 Rxd1 32. Rxd1 Qxe5 33. Qb4 Qe3 34. Qd2 Qxd2 35. Rxd2 Rc1 36. Kg1 Bc4 37. Rf2 Ra1 38. g4 Kf8 39. Kg2 Bxf1+ 40. Rxf1 Rxa2+ 41. Kg3 Ke7 42. Rb1 Ra6 43. h4 Kd6 44. h5 Kc6 45. g5 Ra5 46. Kg4 Ra4+ 47. f4 Ra2 48. Rc1+ Kb7 49. Rd1 Kc7 50. Rc1+ Kb7 51. Rd1 Kc6 52. Rc1+ Kd6 53. Rd1+ Kc6 54. Rc1+ 1/2-1/2


[Site "https://www.chess.com"]

[Event "Titled Tuesday Blitz November 08 Early 2022"]
[White "Omariev, Maksim"]
[Black "Cramling Bellon, Anna"]
[WhiteFideId "4193423"]
[BlackFideId "32009232"]
[WhiteElo "2411"]
[BlackElo "1972"]
[Result "1-0"]
[Round "04"]
[TimeControl "180+1"]
[Date "2022.11.09"]
[WhiteClock "0:00:33"]
[BlackClock "0:00:04"]

1. g4 d5 2. Bg2 c6 3. h3 e5 4. d4 e4 5. c4 Bd6 6. Nc3 Ne7 7. Bg5 f6 8. Be3 Be6 9. cxd5 cxd5 10. Qb3 Qd7 11. Nb5 Nbc6 12. Nxd6+ Qxd6 13. O-O-O O-O 14. Kb1 a5 15. f3 Qg3 16. Bf1 a4 17. Qa3 b5 18. Qc5 Rfc8 19. h4 Ng6 20. h5 Nf8 21. h6 g6 22. g5 fxg5 23. Nh3 Qc7 24. Nxg5 Qa7 25. Nxe6 Qxc5 26. Nxc5 b4 27. Bh3 Rd8 28. fxe4 dxe4 29. d5 Ne5 30. Ne6 Nxe6 31. Bxe6+ Kh8 32. Bd4 1-0


[Site "https://www.chess.com"]

[Event "Titled Tuesday Blitz November 08 Early 2022"]
[White "Orozbaev, Eldiar"]
[Black "Lawson, Eric"]
[WhiteFideId "13802240"]
[BlackFideId "2604116"]
[WhiteElo "2775"]
[BlackElo "2518"]
[Result "1-0"]
[Round "04"]
[TimeControl "180+1"]
[Date "2022.11.09"]
[WhiteClock "0:01:55"]
[BlackClock "0:00:56"]

1. e4 c5 2. c3 Nf6 3. e5 Nd5 4. d4 cxd4 5. cxd4 e6 6. Nf3 d6 7. Nc3 Nxc3 8. bxc3 Nc6 9. Bd3 dxe5 10. Nxe5 Nxe5 11. dxe5 Bd7 12. O-O Bc6 13. Qe2 Be7 14. Rd1 Qa5 15. Bf4 O-O 16. Qg4 Qxc3 17. Rac1 Qa5 18. h4 Rfd8 19. h5 Kh8 20. h6 g6 21. Bg5 Ba3 22. Qf4 Kg8 23. Bxd8 Rxd8 24. Bf1 Bxc1 25. Qf6 Bxh6 26. Rxd8+ Bf8 27. Qe7 Qxd8 28. Qxd8 a5 29. Qxa5 g5 30. Be2 Bg7 31. Qd8+ 1-0


[Site "https://www.chess.com"]

[Event "Titled Tuesday Blitz November 08 Early 2022"]
[White "Ostrovskiy, Aleksandr"]
[Black "Zacurdajev, Dmitry"]
[WhiteFideId "2034239"]
[BlackFideId "4196309"]
[WhiteElo "2340"]
[BlackElo "2179"]
[Result "1-0"]
[Round "04"]
[TimeControl "180+1"]
[Date "2022.11.09"]
[WhiteClock "0:00:14"]
[BlackClock "0:00:01"]

1. d4 d5 2. Bf4 e6 3. e3 Nf6 4. Nd2 Bd6 5. Bg3 O-O 6. Bd3 b6 7. e4 Be7 8. e5 Nfd7 9. Ngf3 c5 10. c3 Ba6 11. Bxa6 Nxa6 12. a3 Rc8 13. O-O b5 14. Qe2 Qb6 15. h4 Nab8 16. dxc5 Nxc5 17. Bf4 Na4 18. Nb3 a5 19. Nbd4 Nc6 20. Nxc6 Qxc6 21. Nd4 Qd7 22. h5 h6 23. Rfd1 b4 24. axb4 axb4 25. cxb4 Bxb4 26. Rd3 Ra8 27. Rad1 Rfb8 28. Rg3 Kh8 29. Qg4 Rg8 30. Ra1 Nb6 31. Rxa8 Nxa8 32. Bxh6 Bf8 33. Be3 Nc7 34. Qf3 Nb5 35. h6 g6 36. Nxb5 Qxb5 37. Qf6+ Kh7 38. Qxf7+ Kh8 39. Bg5 1-0


[Site "https://www.chess.com"]

[Event "Titled Tuesday Blitz November 08 Early 2022"]
[White "Ozen, Bahadir"]
[Black "Postnikov, Daniil"]
[WhiteFideId "6337058"]
[BlackFideId "4166329"]
[WhiteElo "2819"]
[BlackElo "2566"]
[Result "1-0"]
[Round "04"]
[TimeControl "180+1"]
[Date "2022.11.09"]
[WhiteClock "0:00:29"]
[BlackClock "0:00:02"]

1. g3 f5 2. Bg2 Nf6 3. f4 g6 4. Nf3 Bg7 5. d3 O-O 6. O-O d6 7. e4 Nc6 8. Nc3 Kh8 9. Kh1 e5 10. fxe5 dxe5 11. exf5 Bxf5 12. Bg5 Qd7 13. Qd2 Rae8 14. Rae1 Bh3 15. Bxh3 Qxh3 16. Qg2 Qd7 17. Bxf6 Bxf6 18. Ne4 Bg7 19. Re2 Nd4 20. Nxd4 exd4 21. Ref2 Rxf2 22. Rxf2 a5 23. Qf1 Kg8 24. a3 a4 25. Qc1 Qd5 26. Kg1 c5 27. Qf4 c4 28. Qc7 cxd3 29. cxd3 h6 30. h4 g5 31. hxg5 hxg5 32. Qc1 g4 33. Qf4 Rf8 34. Qxf8+ Bxf8 35. Nf6+ Kg7 36. Nxd5 Bc5 37. Kg2 b6 38. Rf4 Kg6 39. Kf2 Kg5 40. Re4 b5 41. Nc7 b4 42. Ne6+ Kf5 43. Nxc5 b3 44. Nxa4 1-0


[Site "https://www.chess.com"]

[Event "Titled Tuesday Blitz November 08 Early 2022"]
[White "Padmini, Rout"]
[Black "Wiegmann, Sascha"]
[WhiteFideId "5029295"]
[BlackFideId "4682041"]
[WhiteElo "2296"]
[BlackElo "2312"]
[Result "1-0"]
[Round "04"]
[TimeControl "180+1"]
[Date "2022.11.09"]
[WhiteClock "0:00:33"]
[BlackClock "0:00:36"]

1. e4 c5 2. Nf3 d6 3. d4 cxd4 4. Nxd4 Nf6 5. Nc3 a6 6. Bg5 e6 7. f4 b5 8. e5 dxe5 9. fxe5 Qc7 10. Qe2 Nfd7 11. O-O-O Nc6 12. Nxc6 Qxc6 13. Ne4 Bb7 14. Nd6+ Bxd6 15. Rxd6 Qc7 16. Qd2 Nxe5 17. Bf4 Nc4 18. Bxc4 Qxc4 19. b3 Qc5 20. Rd7 Bd5 21. Bd6 Qc6 22. Re7+ Kd8 23. Qa5+ 1-0


[Site "https://www.chess.com"]

[Event "Titled Tuesday Blitz November 08 Early 2022"]
[White "Pajeken, Jakob Leon"]
[Black "Matlakov, Maxim"]
[WhiteFideId "12942839"]
[BlackFideId "4168003"]
[WhiteElo "2429"]
[BlackElo "2669"]
[Result "0-1"]
[Round "04"]
[TimeControl "180+1"]
[Date "2022.11.09"]
[WhiteClock "0:00:16"]
[BlackClock "0:00:10"]

1. Nf3 Nf6 2. d4 e6 3. c4 Bb4+ 4. Bd2 a5 5. e3 O-O 6. Bd3 d6 7. O-O Bxd2 8. Qxd2 Qe7 9. Nc3 e5 10. Qc2 h6 11. dxe5 dxe5 12. Nd5 Nxd5 13. cxd5 Rd8 14. Bh7+ Kh8 15. Bf5 Bxf5 16. Qxf5 Nd7 17. Rac1 Rac8 18. Rfd1 g6 19. Qc2 Qd6 20. Qc3 b6 21. e4 Kg8 22. Nd2 Nc5 23. Nc4 Qf6 24. f3 Re8 25. Nxa5 Nxe4 26. fxe4 bxa5 27. Qxa5 Qh4 28. Qe1 Qg5 29. Rc2 Red8 30. Rdc1 Rd7 31. b4 Qe7 32. Rc5 Ra8 33. Qf2 h5 34. h3 h4 35. b5 Ra3 36. Qc2 Qg5 37. Rxc7 Rxc7 38. Qxc7 Rxa2 39. Rc2 Ra1+ 40. Kf2 Qg3+ 41. Ke2 Re1+ 0-1


[Site "https://www.chess.com"]

[Event "Titled Tuesday Blitz November 08 Early 2022"]
[White "Papasimakopoulos, Alexandros"]
[Black "Hajiyev, Kanan"]
[WhiteFideId "4244125"]
[BlackFideId "13404148"]
[WhiteElo "2365"]
[BlackElo "2118"]
[Result "1-0"]
[Round "04"]
[TimeControl "180+1"]
[Date "2022.11.09"]
[WhiteClock "0:00:35"]
[BlackClock "0:00:06"]

1. d4 d5 2. c4 c6 3. cxd5 cxd5 4. Bf4 Nf6 5. Nc3 g6 6. e3 Bg7 7. h3 O-O 8. Bd3 Nc6 9. Nf3 Nd7 10. O-O e5 11. dxe5 Ndxe5 12. Be2 Be6 13. Rc1 Qa5 14. Nxe5 Nxe5 15. Qa4 Qxa4 16. Nxa4 Rac8 17. Nc5 Nc4 18. Nxe6 fxe6 19. b3 Nd2 20. Rfd1 Ne4 21. Bf3 Nc3 22. Re1 h5 23. Kf1 Nxa2 24. Rxc8 Rxc8 25. g4 hxg4 26. Bxg4 Kf7 27. Kg2 Rc2 28. h4 a5 29. h5 gxh5 30. Bxh5+ Ke7 31. Kf3 Nb4 32. Rg1 Bf6 33. Rg8 Nd3 34. Bg3 Be5 35. Bh4+ Kd6 36. Rd8+ Kc7 37. Re8 Nc5 38. Be7 Bd6 39. Bd8+ Kc6 40. Bxa5 Nxb3 41. Rc8+ Kb5 42. Rxc2 Nxa5 43. Bf7 e5 44. Bxd5 Nc6 45. Bxc6+ bxc6 46. Ke4 c5 47. Kd5 Bc7 48. Rxc5+ 1-0


[Site "https://www.chess.com"]

[Event "Titled Tuesday Blitz November 08 Early 2022"]
[White "Papp, Levente"]
[Black "Maghsoodloo, Parham"]
[WhiteFideId "751243"]
[BlackFideId "12539929"]
[WhiteElo "2616"]
[BlackElo "2915"]
[Result "0-1"]
[Round "04"]
[TimeControl "180+1"]
[Date "2022.11.09"]
[WhiteClock "0:00:20"]
[BlackClock "0:01:42"]

1. Nf3 d5 2. g3 Bg4 3. Bg2 Nd7 4. d4 e6 5. O-O Bd6 6. Nbd2 Ne7 7. e4 c6 8. h3 Bh5 9. g4 Bg6 10. Nh4 Bf4 11. e5 O-O 12. Nb3 Bxc1 13. Rxc1 a5 14. f4 a4 15. Nd2 f5 16. exf6 Nxf6 17. Qe2 Bf7 18. Nhf3 Ng6 19. Ne5 Qb6 20. c3 Nxe5 21. fxe5 Nd7 22. Nf3 c5 23. Kh2 Bg6 24. c4 Be4 25. cxd5 Bxd5 26. dxc5 Nxc5 27. Qc2 Ne4 28. Nd2 Nxd2 29. Qxd2 Bxg2 30. Qxg2 Qb5 31. Rfe1 Rf4 32. Rc7 Qa5 33. Re2 Qxc7 0-1


[Site "https://www.chess.com"]

[Event "Titled Tuesday Blitz November 08 Early 2022"]
[White "Pappelis, Dimitrios"]
[Black "Chernov, Mikhail"]
[WhiteFideId "4215281"]
[BlackFideId "24143170"]
[WhiteElo "2104"]
[BlackElo "2113"]
[Result "0-1"]
[Round "04"]
[TimeControl "180+1"]
[Date "2022.11.09"]
[WhiteClock "0:00:24"]
[BlackClock "0:00:51"]

1. c4 c5 2. Nf3 Nc6 3. Nc3 e5 4. e3 f5 5. d4 e4 6. d5 exf3 7. dxc6 dxc6 8. Qxd8+ Kxd8 9. gxf3 Nf6 10. Bd2 Kc7 11. O-O-O g6 12. e4 Bg7 13. Bf4+ Kb6 14. Na4+ Ka5 15. Nxc5 fxe4 16. fxe4 Bf8 17. Bc7+ b6 18. Nb3+ Ka6 19. Na5 bxa5 20. e5 Bh6+ 21. Kc2 Bf5+ 22. Kb3 Ne4 23. Bg2 Rab8+ 24. Bxb8 Rxb8+ 25. Ka3 Bf8+ 26. b4 Bxb4+ 27. Kb3 Nxf2 28. Rhf1 Nxd1 29. Rxd1 Bd6+ 30. Ka4 Rb4+ 31. Ka3 Bc5 0-1


[Site "https://www.chess.com"]

[Event "Titled Tuesday Blitz November 08 Early 2022"]
[White "Perez Gormaz, Matias"]
[Black "Pranav, V"]
[WhiteFideId "3406342"]
[BlackFideId "25060783"]
[WhiteElo "2623"]
[BlackElo "2965"]
[Result "1-0"]
[Round "04"]
[TimeControl "180+1"]
[Date "2022.11.09"]
[WhiteClock "0:01:09"]
[BlackClock "0:01:29"]

1. e4 e5 2. Nf3 Nc6 3. Bb5 a6 4. Ba4 d6 5. O-O Bd7 6. c3 g6 7. d4 Bg7 8. Re1 Nge7 9. Be3 O-O 10. Nbd2 h6 11. dxe5 dxe5 12. Bc5 b6 13. Ba3 Rb8 14. Bb3 Na5 15. Bc2 Re8 16. Qe2 Qc8 17. Bd3 b5 18. Bc5 Nb7 19. Nb3 Be6 20. Nfd2 Nc6 21. Be3 Nd6 22. Nc5 Bf8 23. a4 Ra8 24. b4 Qb8 25. Reb1 Nd8 26. Nf3 Bc4 27. Nd7 Qb7 28. Nf6+ Kg7 29. Nxe8+ Nxe8 30. Bxc4 bxc4 31. Nxe5 Qxe4 32. Bxh6+ 1-0


[Site "https://www.chess.com"]

[Event "Titled Tuesday Blitz November 08 Early 2022"]
[White "Pichot, Alan"]
[Black "Crevatin, Leo"]
[WhiteFideId "110973"]
[BlackFideId "1726307"]
[WhiteElo "2560"]
[BlackElo "2208"]
[Result "1-0"]
[Round "04"]
[TimeControl "180+1"]
[Date "2022.11.09"]
[WhiteClock "0:01:49"]
[BlackClock "0:00:18"]

1. Nf3 c5 2. g3 Nf6 3. Bg2 Nc6 4. O-O e5 5. c4 g6 6. Nc3 Bg7 7. d3 O-O 8. Bg5 h6 9. Bxf6 Bxf6 10. Nd2 a6 11. a3 Bg7 12. Rb1 Rb8 13. b4 d6 14. bxc5 Be6 15. Nde4 dxc5 16. Nxc5 Qe7 17. Nxe6 Qxe6 18. Nd5 Qd6 19. a4 Nd4 20. e3 Ne6 21. Rb6 Qd8 22. a5 Nc5 23. Qc2 f5 24. Rfb1 Kh7 25. h4 g5 26. hxg5 hxg5 27. g4 Nd7 28. Rd6 fxg4 29. Be4+ Kg8 30. Kg2 Qe8 31. Rh1 Nf6 32. Nxf6+ Rxf6 33. Rxf6 Bxf6 34. c5 Qe7 35. Qc4+ Kf8 36. Rh7 Bg7 37. c6 bxc6 38. Qxc6 g3 39. Kxg3 Rd8 40. Qxa6 Kg8 41. Qc4+ Kf8 42. a6 Rd6 43. Qc8+ Rd8 44. Qxd8+ Qxd8 45. a7 Kg8 46. a8=Q Qxa8 47. Rxg7+ Kxg7 48. Bxa8 1-0


[Site "https://www.chess.com"]

[Event "Titled Tuesday Blitz November 08 Early 2022"]
[White "Piesik, Piotr"]
[Black "Starosta, Martyna"]
[WhiteFideId "1136194"]
[BlackFideId "21818754"]
[WhiteElo "2316"]
[BlackElo "1825"]
[Result "1-0"]
[Round "04"]
[TimeControl "180+1"]
[Date "2022.11.09"]
[WhiteClock "0:00:12"]
[BlackClock "0:00:02"]

1. Nf3 g6 2. g3 Bg7 3. d4 d6 4. Bg2 Nc6 5. O-O Bd7 6. e4 Qc8 7. Re1 Bh3 8. Bxh3 Qxh3 9. c3 h5 10. Qb3 O-O-O 11. Ng5 Qg4 12. f3 Qd7 13. Nxf7 Nf6 14. Nxd8 Rxd8 15. Bg5 h4 16. Bxh4 Rh8 17. Qc2 Nh7 18. f4 g5 19. Bxg5 Nxg5 20. fxg5 Qg4 21. Qg2 Qxg5 22. Nd2 Kb8 23. Nf3 Qh5 24. e5 d5 25. Nh4 e6 26. Rf1 Bh6 27. Rf3 Bg5 28. Raf1 Be7 29. Rf4 a6 30. Nf3 Rg8 31. g4 Qh6 32. Qg3 Bd8 33. h4 Ne7 34. Rf6 Qe3+ 35. Kh2 Nf5 36. Rxf5 exf5 37. g5 f4 38. Qg2 Rh8 39. Qf2 Qd3 40. Rg1 Qf5 41. Qg2 Be7 42. Qg4 Qe4 43. Rg2 Rg8 44. g6 c5 45. h5 Bf8 46. Ng5 Qe3 47. Qf3 Qc1 48. Qxd5 Rh8 49. Qf3 cxd4 50. cxd4 Qc4 51. Nf7 Rg8 52. Qxf4 Ka7 53. h6 Bxh6 54. Nxh6 Rg7 55. Nf5 Rg8 56. g7 Qe6 57. Nh6 Rd8 58. g8=Q Rxg8 59. Rxg8 Qxa2 60. d5 Qxb2+ 61. Rg2 Qb6 62. Nf5 Qd8 63. Qd4+ Ka8 64. e6 1-0


[Site "https://www.chess.com"]